 Dungeon Crawl Stone Soup version 0.31.0-11-ge490571c62 (webtiles) character file.

Game seed: 16095436649687523829

49 hawla the Ducker (level 3, -4/18 HPs)
             Began as a Felid Shapeshifter on Jan 27, 2024.
             Slain by a ribbon worm (7 damage)
             ... on level 2 of the Dungeon.
             The game lasted 00:02:05 (867 turns).

hawla the Ducker (Felid Shapeshifter)                Turns: 867, Time: 00:02:06

Health: -4/18      AC:  1    Str: 12    XL:     3   Next: 51%
Magic:  4/4        EV: 18    Int: 13    God:
Gold:   16         SH:  0    Dex: 15    Spells: 2/2 levels left
                                        Lives:  0   Deaths: 1

rFire   . .          .
                       - Unarmed
rCold   . . .        (shield unavailable)
rNeg    . . .        (body armour unavailable)
rPois   .            (helmet unavailable)
rElec   .            (cloak unavailable)
rCorr   .            (gloves unavailable)
SInv    +            (boots unavailable)
Will    .....        (no amulet)
Stlth   +            (no ring)
HPRegen 0.23/turn    (no ring)
MPRegen 0.09/turn

%: no passive effects
@: beast-form
A: beast (slay +1), very small, claws 1, fangs 3, see invisible, shaggy fur 1,
stealthy paws, no weapons or thrown items, no armour, multi-lived
a: Begin Untransformation


You were on level 2 of the Dungeon.
You were a hulking beast.
You visited 1 branch of the dungeon, and saw 2 of its levels.

You collected 58 gold pieces.
You spent 42 gold pieces at shops.

Inventory:

Talismans
 b - a beast talisman
 c - a flux talisman
 e - a maw talisman
Scrolls
 d - a scroll of identify {unknown}
 h - 3 scrolls of teleportation
 j - a scroll of noise {unknown}
Potions
 a - a potion of lignification
 f - a potion of berserk rage {unknown}
 g - 2 potions of curing {unknown}
 i - a potion of enlightenment {unknown}
 k - a potion of might {unknown}


   Skills:
 - Level 1.1 Fighting
 * Level 3.8 Dodging
 * Level 3.7 Unarmed Combat
 + Level 3.0 Shapeshifting


You had 2 spell levels left.
You didn't know any spells.
Your spell library contained the following spells:

 Spells                   Type           Power      Damage    Failure   Level
 Necrotise                Necr           0%         1d4       30%         1
 Vampiric Draining        Necr           0%         2d6       67%         3
 Martyr's Knell           Necr/Summ      0%         N/A       97%         4
 Curse of Agony           Necr           0%         N/A       100%        5


Dungeon Overview and Level Annotations

Branches:
Dungeon (2/15)

Altars:

Shops:
D:2 ?


Innate Abilities, Weirdness & Mutations

You are a hulking beast.
Your limbs bulge with bestial killing power. (Slay +1)
You have sharp claws.
You have razor-sharp teeth.
You have supernaturally acute eyesight. (SInv)
You are covered in fur. (AC +1)
Your paws help you pounce on unaware monsters.
You are incapable of wielding weapons or throwing items.
You cannot wear armour.
You gain extra lives every three experience levels.


Message History

The bat hits you but does no damage. The bat closely misses you.
You barely miss the bat.
The bat is moderately wounded.
The bat completely misses you.
You claw the bat!
You kill the bat!
No target in view!
k - a murky yellow potion You see here a bat corpse.
A ribbon worm comes into view.
A ribbon worm is nearby!
A ribbon worm is nearby!
h - 3 scrolls of teleportation (gained 1) No target in view!
No target in view!
A ribbon worm is nearby!
The ribbon worm expels a string of sticky webbing.
The stream of webbing hits you but does no damage.
You are caught in a web!
There is a web here.
You are caught in a web!
You are caught in a web!
The web tears apart.
The ribbon worm bites you. The ribbon worm bites you.
You scratch the ribbon worm.
The ribbon worm is lightly wounded.
The ribbon worm completely misses you.
You scratch the ribbon worm.
The ribbon worm is lightly wounded.
The ribbon worm expels a string of sticky webbing.
The stream of webbing hits you but does no damage.
You are caught in a web!
You struggle to detach yourself from the web.
You struggle to detach yourself from the web.
The ribbon worm bites you!
* * * LOW HITPOINT WARNING * * *
The web tears apart.
The ribbon worm bites you!
You die...

#...# ... #######?..###
.. ...........##### ..
#......##.##... .##
#.....# #.##... ..
#.....###.##... #.
###.#...........
#.##......†.#......
#.h.........#..#†.<
#.w#...†......##...
.......!.............
...##...#.........#####
#.. #.#.#.......#..# #
.. ..#.....#####..# #.
# .......... .......
.##.....#.## #...#
....... .....


You could see a ribbon worm (catching breath).

Vanquished Creatures
  2 adders (D:2)
  2 dart slugs (D:1)
  An endoplasm (D:1)
  A goblin (D:2)
  5 hobgoblins
  2 quokkas (D:1)
  3 ball pythons (D:1)
  A bat (D:2)
  3 frilled lizards (D:1)
  3 kobolds
  4 rats
27 creatures vanquished.

Notes
Turn   | Place    | Note
-------+----------+-------------------------------------------
     0 | D:1      | hawla the Felid Shapeshifter began the quest for the Orb.
     0 | D:1      | Reached XP level 1. HP: 10/10 MP: 2/2
    33 | D:1      | Killed from afar by a dart slug
    33 | D:1      | Lost a life (0 lives remaining)
   141 | D:1      | Reached XP level 2. HP: 7/14 MP: 3/3
   703 | D:2      | Found Byuru's Magic Scroll Shop.
   711 | D:2      | Bought a scroll of teleportation for 42 gold pieces
   736 | D:2      | Reached XP level 3. HP: 12/18 MP: 4/4
   867 | D:2      | Slain by a ribbon worm

Illustrated notes

Levels and vault maps discovered:
D:1:      grunt_arrival_lava_bath, layout_basic, minmay_misc_feat_pillars,
          minmay_tetromino_i2
D:2:      layout_rooms, basic_altar, serial_shops, shop, minmay_tall_x

Skill      XL: |  1  2  3 |
---------------+----------+-----
Dodging        | 3 |  3.8
Shapeshifting  | 3 |  3.0
Fighting       | |  1.1
Unarmed Combat | |  3.7

Action                     || total
---------------------------++-------
  Melee: Unarmed           ||    67
    Use: Potion            ||     1
 Armour: Skin              ||    35
  Dodge: Dodged            ||    45
